 Dungeon Crawl Stone Soup version 0.31-a0-369-g8eba5f6939 (webtiles) character file.

Game seed: 17428206894008451227

205 Newt the Poker (level 5, -3/42 HPs)
             Began as a Merfolk Gladiator on July 28, 2023.
             Slain by a gnoll
             ... wielding a +0 flail
              (8 damage)
             ... on level 4 of the Dungeon.
             The game lasted 00:02:28 (2073 turns).

Newt the Poker (Merfolk Gladiator)                  Turns: 2073, Time: 00:02:28

Health: -3/42      AC:  4    Str: 19    XL:     5   Next: 83%
Magic:  5/5        EV: 13    Int: 17    God:
Gold:   112        SH:  0    Dex: 15    Spells: 4/4 levels left

rFire   . . .        k - +11 sling of Buoffof {heavy, Str+3 Int+3 SInv}
rCold   . . .        (no shield)
rNeg    . . .        b - +0 leather armour
rPois   .            c - +0 helmet
rElec   .            (no cloak)
rCorr   .            (no gloves)
SInv    +            (no boots)
Will    .....        (no amulet)
Stlth   +            r - +6 ring of intelligence
HPRegen 0.27/turn    (no ring)
MPRegen 0.09/turn

%: no passive effects
@: no status effects
A: (nimble swimmer 2), mertail
a: no special abilities


You were on level 4 of the Dungeon.
You visited 1 branch of the dungeon, and saw 4 of its levels.

You collected 112 gold pieces.

Inventory:

Hand Weapons
 a - a +0 trident
 k - the +11 sling of Buoffof (weapon) {heavy, Str+3 Int+3 SInv}
   (You found it on level 2 of the Dungeon)

   Str:       It affects your strength (+3).
   Int:       It affects your intelligence (+3).
   SInv:      It lets you see invisible.
Missiles
 d - 3 throwing nets
 e - a javelin
Armour
 b - a +0 leather armour (worn)
 c - a +0 helmet (worn)
Jewellery
 g - a ring of magical power
 r - a +6 ring of intelligence (left hand)
Wands
 o - a wand of paralysis (9)
Scrolls
 f - 2 scrolls of vulnerability
 l - a scroll of fear
 u - a scroll of blinking {unknown}
Potions
 i - a potion of attraction
 j - 2 potions of curing {unknown}
 m - a potion of resistance
 p - a potion of ambrosia {unknown}
 q - a potion of cancellation


   Skills:
 - Level 4.0 Fighting
 - Level 5.8 Polearms
 + Level 2.4 Ranged Weapons
 - Level 2.0 Throwing
 - Level 4.0 Dodging


You had 4 spell levels left.
You didn't know any spells.
Your spell library was empty.

Dungeon Overview and Level Annotations

Branches:
Dungeon (4/15)
 Temple: D:4-7

Altars:
Makhleb
Zin

Annotations:
D:4 3 runed translucent doors, bahustanut's ghost, amateur OpSh


Innate Abilities, Weirdness & Mutations

((You are very nimble when in or above water. (Stealth+, EV+, Speed+++)))
Your lower body shifts to a powerful aquatic tail in water.


Message History

You are too injured to fight recklessly!
Fire: k) +11 sling of Buoffof {heavy, Str+3 Int+3 SInv}
Press: ? - help, Shift-Dir - straight line, f - gnoll, p - hound
Aim: a gnoll, wielding a +0 halberd (almost dead, 73% to hit)
You shoot a sling bullet.
The sling bullet barely misses the hound.
The sling bullet hits the gnoll!
You kill the gnoll!
The hound closely misses you. The hound barely misses you. The hound bites you.
* * * LOW HITPOINT WARNING * * *
Your Ranged Weapons skill increases to level 2!
A gnoll comes into view. It is wielding a +0 flail.
Unknown command.
Unknown command.
You shoot a sling bullet.
The sling bullet closely misses the hound.
The hound barely misses you. The hound bites you.
* * * LOW HITPOINT WARNING * * *
The hound barely misses you.
Unknown command.
You shoot a sling bullet. The sling bullet hits the hound.
The hound is almost dead.
The hound bites you.
* * * LOW HITPOINT WARNING * * *
The hound misses you. The hound bites you.
* * * LOW HITPOINT WARNING * * *
Unknown command.
Fire: k) +11 sling of Buoffof {heavy, Str+3 Int+3 SInv}
Press: ? - help, Shift-Dir - straight line, f - gnoll, p - hound
Aim: a gnoll, wielding a +0 flail (73% to hit)
You shoot a sling bullet. The sling bullet hits the hound!
You kill the hound!
Unknown command.
Unknown command.
It was a potion of cancellation.
You feel magically purged. The gnoll barely misses you.
Unknown command.
Okay, then.
The gnoll attacks as you move away! The gnoll hits you with a +0 flail!
You die...

*****,******** #...,,,,,,>,,,,,,*
,,,,,,,,,,,,,* #..#g*,******##..#
,,,,*,******,* #..#,,,* ##..+
*,,,,,,,,,,,,* #..#**,* ##..+
*,,,,,,,,,,,,* #..# *** ##..+
*,,,,,,,,,,,,* #).# ##..#
***+*+***###.###g.######### ##..#
*,,,,,,.......g.........###...#
***,***###.###@##.#####.##.....
*,* #...............(.......
*****,***#.#.....##.#####.######.
,,,,,,,**,,########(# #.# ####.
,*,,,,***,,* #.# #.# ####.
**,**,***++* #.# #.# #....
**,,*,**8,,**** #.# #.#*###..
,,,,*,***__**,* *,* **#.#,...(.
,,,,,,,,*⌠⌠**,* *,* *,...,.....


You could see 2 gnolls.

Vanquished Creatures
  A hound (D:4)
  Jessica (D:2)
  5 gnolls
  2 adders
  2 worms
  3 dart slugs
  4 orcs (D:3)
  8 bats
  6 endoplasms
  2 giant cockroaches
  2 hobgoblins
  3 quokkas
  3 ball pythons
  4 frilled lizards
  10 goblins
  7 kobolds
  5 rats
68 creatures vanquished.

Notes
Turn   | Place    | Note
-------+----------+-------------------------------------------
     0 | D:1      | Newt the Merfolk Gladiator began the quest for the Orb.
     0 | D:1      | Reached XP level 1. HP: 16/16 MP: 1/1
    33 | D:1      | Reached XP level 2. HP: 21/24 MP: 2/2
   559 | D:2      | Reached XP level 3. HP: 30/30 MP: 3/3
   659 | D:2      | Reached XP level 4. HP: 16/37 MP: 4/4
   837 | D:2      | Noticed Jessica
   846 | D:2      | Killed Jessica
   847 | D:2      | Reached skill level 5 in Polearms
   967 | D:2      | Identified the +11 sling of Buoffof {heavy, Str+3 Int+3
                  | SInv}
  1191 | D:2      | Found a burning altar of Makhleb.
  1632 | D:3      | Found a glowing silver altar of Zin.
  1652 | D:3      | Reached skill level 1 in Ranged Weapons
  1652 | D:3      | Reached XP level 5. HP: 42/42 MP: 5/5
  1826 | D:3      | Found a faded altar of an unknown god.
  2027 | D:4      | Noticed a steam dragon
  2027 | D:4      | Noticed bahustanut's ghost (amateur OpSh)
  2028 | D:4      | Found a runed translucent gate.
  2029 | D:4      | Found a runed translucent gate.
  2029 | D:4      | Found a runed translucent gate.
  2073 | D:4      | Slain by a gnoll

Illustrated notes

Levels and vault maps discovered:
D:1:      minmay_arrival_up_and_down, layout_rooms, serial_glass,
          glass_columns_a, glass_columns_a, item_on_display_a,
          due_unseen_surprise, feat_on_display, bh_walls_and_bars
D:2:      wander_river, layout_loops_cross, basic_altar,
          kennysheep_small_spiral, hangedman_decor_peaks_small,
          serial_bayou_pond_e, minmay_3d_cube, uniq_jessica
D:3:      layout_rooms, zin_statuary, chequers_ecumenical_altar_island
D:4:      layout_basic, nicolae_overflow_crystal_walls,
          gammafunk_temple_overflow_wave, gammafunk_ghost_split, serial_shops,
          nicolae_shop_tiny_real_fake_doors, kennysheep_donut

Skill      XL: |  1  2  3  4  5 |
---------------+----------------+-----
Fighting       | 3 4 |  4.0
Polearms       | 5 |  5.8
Ranged Weapons | 1 2 |  2.4
Throwing       | |  2.0
Dodging        | |  4.0

Action                     |  1- 3 |  4- 6 || total
---------------------------+-------+-------++-------
  Melee: Trident           |    75 |    33 ||   108
         Punch             |     1 |       ||     1
   Fire: Sling             |       |    63 ||    63
    Use: Scroll            |     4 |     5 ||     9
         Potion            |       |     1 ||     1
   Stab: Sleeping          |     2 |       ||     2
 Armour: Leather armour    |    10 |    13 ||    23
  Dodge: Dodged            |    35 |    56 ||    91

Table legend: (Time is in decaauts)
 A = Elapsed time spent in this place.
 B = Non-inter-level travel time spent in this place.
 C = Inter-level travel time spent in this place.
 D = Time resting spent in this place.
 E = Time spent auto-exploring this place.
 F = Levels seen in this place.
 G = Mean time per level.
                   A        B        C        D        E       F      G
               +--------+--------+--------+--------+--------+-----+--------+
         Total |   2109 |   2033 |     76 |    201 |   1430 |   4 |  527.2 |
       Dungeon |   2109 |   2033 |     76 |    201 |   1430 |   4 |  527.2 |
               +--------+--------+--------+--------+--------+-----+--------+

Top non-repeatable levels by time:
     D:2: 1051 daAuts
     D:1: 560 daAuts
     D:3: 392 daAuts
     D:4: 104 daAuts
